 Dungeon Crawl Stone Soup version 0.26-a0-663-g36e8fdb655 (webtiles) character file.

Game seed: 7480068948682723552

62271 jasper the Severer (level 14, 0/129 HPs)
             Began as a Palentonga Fighter on Oct 12, 2020.
             Was a High Priest of Wu Jian.
             Slain by a deep elf archer
             ... wielding a +0 short sword
              (9 damage)
             ... on level 13 of the Dungeon.
             The game lasted 00:42:39 (29673 turns).

jasper the Severer (Palentonga Fighter)            Turns: 29673, Time: 00:42:40

Health: 0/129      AC: 17    Str: 24    XL:     14   Next: 63%
Magic:  14/14      EV:  5    Int: 10    God:    Wu Jian [*****.]
Gold:   751        SH: 17    Dex:  9    Spells: 13/13 levels left

rFire    + . .     SeeInvis +   S - +2 broad axe (venom)
rCold    . . .     Faith    .   c - +0 kite shield
rNeg     . . .     Spirit   .   M - +0 plate armour
rPois    +         Reflect  +   p - +0 helmet
rElec    .         Harm     .   (no cloak)
rCorr    .         Rampage  .   h - +1 pair of gloves
MR       +....                  (no barding)
Stlth    ..........             x - amulet of reflection
HPRegen  0.31/turn              B - ring of poison resistance
MPRegen  0.14/turn              w - ring of protection from fire

@: slowed, very slow
A: large, rugged brown scales 3, see invisible, deformed body, roll, armoured
tail
a: Rolling Charge, Wall Jump, Serpent's Lash, Heavenly Storm, Renounce Religion


You were on level 13 of the Dungeon.
You worshipped Wu Jian.
Wu Jian was extremely pleased with you.
You visited 3 branches of the dungeon, and saw 21 of its levels.

You collected 1621 gold pieces.
You spent 870 gold pieces at shops.

Inventory:

Hand Weapons
 j - a +0 broad axe
 P - a +2 battleaxe of flaming
 S - a +2 broad axe of venom (weapon)
Missiles
 f - 505 stones
 n - 51 boomerangs (quivered)
 s - a throwing net
 J - 2 curare-tipped darts
 W - 8 javelins
Armour
 c - a +0 kite shield (worn)
 h - a +1 pair of gloves (worn)
 p - a +0 helmet (worn)
 M - a +0 plate armour (worn)
 T - a +0 tower shield
Jewellery
 o - an uncursed ring of protection from cold
 u - an uncursed ring of resist corrosion
 w - a ring of protection from fire (right hand)
 x - an amulet of reflection (around neck)
 B - a ring of poison resistance (left hand)
 D - an uncursed ring of see invisible
 I - an uncursed amulet of guardian spirit
 Q - an uncursed ring of protection from cold
Wands
 a - a wand of polymorph (6)
 q - a wand of iceblast (2)
 U - a wand of random effects (16)
 X - a wand of digging (5)
Scrolls
 b - 2 scrolls of identify
 g - 6 scrolls of teleportation
 i - 6 scrolls of enchant armour
 r - 4 scrolls of enchant weapon
 y - 2 scrolls of random uselessness
 C - 15 scrolls of remove curse
 G - 2 scrolls of torment
 H - 3 scrolls of magic mapping
 L - 2 scrolls of immolation
 N - a scroll of fear
 V - 3 scrolls of amnesia
 Z - a scroll of fog
Potions
 d - a potion of might
 e - a potion of magic
 k - 2 potions of mutation
 l - 2 potions of haste
 m - a potion of cancellation
 t - 2 potions of curing
 v - 2 potions of invisibility
 z - a potion of brilliance
 A - 5 potions of flight
 E - 3 potions of lignification
 F - 7 potions of degeneration
 R - 2 potions of heal wounds
 Y - a potion of resistance
Miscellaneous
 K - a phial of floods
 O - a condenser vane (1/2)


   Skills:
 - Level 10.0 Fighting
 - Level 15.3 Axes
 - Level 11.0 Armour
 + Level 10.6 Shields
 - Level 6.0 Evocations


You had 13 spell levels left.
You didn't know any spells.
Your spell library contained the following spells:

 Spells                   Type           Power        Failure   Level
 Foxfire                  Conj/Fire      #...         98%         1
 Freeze                   Ice            #...         98%         1
 Confusing Touch          Hex            #.......     100%        3
 Conjure Flame            Conj/Fire      #.......     100%        3
 Frozen Ramparts          Ice            #.....       100%        3
 Gell's Gravitas          Tloc           #.........   100%        3
 Inner Flame              Hex/Fire       #.......     100%        3
 Ozocubu's Armour         Ice            #.......     100%        3
 Hailstorm                Conj/Ice       #.......     100%        4
 Petrify                  Tmut/Erth      #.......     100%        4
 Sticky Flame             Conj/Fire      #.......     100%        4
 Summon Ice Beast         Ice/Summ       #.......     100%        4
 Fireball                 Conj/Fire      #.........   100%        5
 Metabolic Englaciation   Hex/Ice        #.........   100%        5
 Yara's Violent Unravell  Hex/Tmut       #.........   100%        5


Dungeon Overview and Level Annotations

Branches:
Dungeon (13/15)            Temple (0/1) D:7            Lair (6/6) D:9
  Swamp (0/4) Lair:3        Snake (0/4) Lair:2        Slime (0/5) Lair:6
    Orc (2/2) D:9             Elf (0/3) Orc:2
 Vaults: D:13-14

Altars:
Gozag
Hepliaklqana
Kikubaaqudgha
Okawaru
Ru
Sif Muna
Wu Jian
Yredelemnul
Zin
Beogh

Shops:
D:5 }   D:13 (=[   Orc:2 (?(=

Annotations:
D:5 1 runed translucent door, LufLufFighter's ghost, amateur TeSu
Lair:1 exclusion: 2 oklob plants
Lair:5 3 runed translucent doors, Adireryl's ghost, journeyman HOFi


Innate Abilities, Weirdness & Mutations

You are completely covered in rugged brown scales. (AC +3, +7% HP)
You have supernaturally acute eyesight. (SInv)
Armour fits poorly on your strangely shaped body.
You can roll at foes to attack.
You have a long armoured tail.


Message History

The deep elf archer blinks!
The deep elf archer unwields a +0 short sword.
The deep elf archer wields a +0 shortbow.
The deep elf archer shoots an arrow.
The arrow hits you!
* * * LOW HITPOINT WARNING * * *
You see here an arrow.
You take 14 damage, and have 9/129 hp.
The deep elf archer points at you and mumbles some strange words.
You feel as though you will be slow longer.
The deep elf archer shoots an arrow.
The arrow barely misses you.
You lunge at the deep elf archer, in a flurry of attacks.
You closely miss the deep elf archer.
The deep elf archer is moderately wounded.
You hit the deep elf archer.
The deep elf archer is poisoned.
Your tail-slap misses the deep elf archer.
The deep elf archer is heavily wounded.
The deep elf archer unwields a +0 shortbow.
The deep elf archer wields a +0 short sword.
The deep elf archer hits you with a +0 short sword!
You die...

## #..# ## .. #..# .. #
.##..##. # #. #.#..#)#
.##########
..##.#..#.##(.#.........
.^....(..( #.###..###
..#####.#.)#.#####.#
#..#
.......)..e(.....|.#
#..#
.......(..@((......#
#).#
.######(#).#.#######
#).# #.)().((..(# #..#
#..##.#..#.##..# #..# #.
#.#..#.# .# #..# #
.##..##. # #(.# .. #.(#
.. #..# #####..# ######
#..# #....# #..# #..#


You could see a deep elf archer (repels missiles, very poisoned).

Vanquished Creatures
  Rupert (Lair:5)
  4 hydras
  2 catoblepae
  3 centaur warriors (D:13)
  3 two-headed ogres
  11 death yaks
  Sonja (D:11)
  Urug (D:10)
  A fire crab (Lair:6)
  A skeletal warrior (D:13)
  An unseen horror (D:11)
  A lindwurm (Lair:2)
  2 orc knights (Orc:2)
  2 cyclopes
  2 ugly things (D:12)
  3 deep elf magi (D:13)
  5 black mambas
  10 elephants (Lair:5)
  A centaur zombie (D:10)
  A torpor snail (Lair:2)
  Maggie (Lair:2)
  10 cane toads
  5 centaur skeletons
  4 rime drakes
  5 komodo dragons
  2 ice devils (Lair:5)
  2 trolls (Orc:1)
  A polar bear (Lair:5)
  2 slime creatures (Lair:5)
  A hornet (Lair:3)
  A harpy skeleton (D:12)
  15 blink frogs
  2 shadows (D:11)
  5 wyverns
  A wraith (D:13)
  40 yaks
  Grum (D:10)
  4 basilisks
  A vampire (D:12)
  2 humans (D:7)
  2 nagas (Lair:2)
  A warg (Orc:2)
  3 swamp worms (Lair:3)
  14 water moccasins
  Duvessa (D:6)
  An acid dragon (D:12)
  3 ice beasts
  2 black bears
  2 eyes of draining
  A necrophage (D:8)
  35 orc warriors
  2 sky beasts (D:8)
  3 wolves
  17 ogres
  13 centaurs
  3 boggarts (D:13)
  5 big kobolds
  Blork the orc (D:5)
  22 bullfrogs
  Dowan (D:6)
  4 scorpions
  7 wights
  A howler monkey (D:6)
  8 electric eels
  2 bullfrog zombies
  19 orc priests
  5 hounds
  A quasit (D:12)
  A bullfrog skeleton (D:13)
  6 jellies
  3 iguanas
  10 orc wizards
  2 worker ants
  3 hell rats (Lair:6)
  2 hound zombies
  4 hound skeletons
  Robin (D:2)
  A worker ant zombie (D:11)
  7 adders
  4 gnolls (D:8)
  3 shadow imps
  7 white imps
  3 ufetubi
  3 oozes (D:2)
  3 worms
  2 dart slugs
  5 leopard geckos
  60 orcs
  8 bats
  3 giant cockroaches
  14 goblins
  6 hobgoblins
  10 jackals
  16 kobolds
  3 quokkas
  A ball python skeleton (D:5)
  5 frilled lizards
  2 leopard gecko skeletons
  4 rats
542 creatures vanquished.

Vanquished Creatures (others)
  A boggart (D:13)
  69 fungi
  64 plants
134 creatures vanquished.

Grand Total: 676 creatures vanquished

Notes
Turn   | Place    | Note
-------+----------+-------------------------------------------
     0 | D:1      | jasper the Palentonga Fighter began the quest for the Orb.
     0 | D:1      | Reached XP level 1. HP: 20/20 MP: 1/1
   239 | D:1      | Reached XP level 2. HP: 26/27 MP: 2/2
   369 | D:2      | Reached skill level 3 in Axes
   475 | D:2      | Reached XP level 3. HP: 19/33 MP: 3/3
   951 | D:2      | Reached skill level 4 in Axes
  1184 | D:2      | Noticed Robin
  1191 | D:2      | Killed Robin
  1191 | D:2      | Reached XP level 4. HP: 29/40 MP: 4/4
  1198 | D:2      | HP: 2/40 [goblin/+1 dagger of electrocution[Robin] (18)]
  2482 | D:4      | Noticed an ogre
  2495 | D:3      | Killed an ogre
  2495 | D:3      | Reached skill level 5 in Axes
  2495 | D:3      | Reached XP level 5. HP: 34/48 MP: 5/5
  2625 | D:4      | Reached skill level 6 in Axes
  2762 | D:4      | Reached XP level 6. HP: 51/54 MP: 6/6
  2821 | D:4      | Found an opulent altar of Gozag.
  3139 | D:5      | Entered Level 5 of the Dungeon
  3172 | D:5      | Reached skill level 7 in Axes
  3434 | D:5      | Reached XP level 7. HP: 52/60 MP: 7/7
  3485 | D:5      | Found a runed translucent door.
  3485 | D:5      | Noticed LufLufFighter's ghost (amateur TeSu)
  3573 | D:5      | Reached skill level 8 in Axes
  3836 | D:5      | Found Cogoklusu's Gadget Shop.
  3998 | D:5      | Noticed Blork the orc
  4007 | D:5      | Killed Blork the orc
  4182 | D:5      | Found a shimmering blue altar of Sif Muna.
  4270 | D:6      | Reached skill level 9 in Axes
  4488 | D:6      | Noticed Duvessa
  4488 | D:6      | Noticed Dowan
  4497 | D:6      | Killed Duvessa
  4497 | D:6      | Reached XP level 8. HP: 67/67 MP: 8/8
  4503 | D:6      | Killed Dowan
  4714 | D:6      | Reached skill level 10 in Axes
  4792 | D:6      | Found an ornate altar of the Wu Jian Council.
  4797 | D:6      | Became a worshipper of the Wu Jian Council
  4972 | D:6      | Found an ancient bone altar of Kikubaaqudgha.
  5276 | D:7      | Found a sacrificial altar of Ru.
  5399 | D:7      | Noticed an angel
  5400 | D:7      | Found a glowing silver altar of Zin.
  5591 | D:7      | Found an iron altar of Okawaru.
  5618 | D:7      | Reached skill level 5 in Shields
  5786 | D:7      | Found a staircase to the Ecumenical Temple.
  6046 | D:7      | Reached XP level 9. HP: 52/73 MP: 9/9
  6277 | D:8      | Found a basalt altar of Yredelemnul.
  6298 | D:8      | Reached * piety under Wu Jian
  7182 | D:9      | Found a hazy altar of Hepliaklqana.
  7587 | D:9      | Reached ** piety under Wu Jian
  7601 | D:9      | Reached XP level 10. HP: 80/81 MP: 10/10
  7657 | D:9      | Found a staircase to the Lair.
  7803 | D:9      | Found a roughly hewn altar of Beogh.
  7803 | D:9      | Found a staircase to the Orcish Mines.
  8178 | D:8      | Reached skill level 1 in Evocations
  8805 | D:10     | Entered Level 10 of the Dungeon
  8849 | D:10     | Noticed a two-headed ogre
  8857 | D:10     | Killed a two-headed ogre
  8982 | D:10     | Reached *** piety under Wu Jian
  9009 | D:10     | Noticed Urug
  9020 | D:10     | Killed Urug
  9363 | D:10     | Reached skill level 5 in Fighting
  9462 | D:10     | Noticed Grum
  9478 | D:10     | Killed Grum
 10025 | D:11     | Noticed Sonja
 10729 | D:11     | Reached skill level 5 in Armour
 10733 | D:11     | Reached XP level 11. HP: 79/94 MP: 9/11
 10871 | D:11     | Noticed an unseen horror
 10878 | D:11     | Killed an unseen horror
 10966 | D:11     | Killed Sonja
 10966 | D:11     | Reached skill level 5 in Evocations
 11415 | D:11     | Noticed a two-headed ogre
 11421 | D:11     | Killed a two-headed ogre
 12452 | D:12     | Noticed a four-headed hydra
 12834 | Lair:1   | Entered Level 1 of the Lair of Beasts
 13495 | Lair:1   | Reached **** piety under Wu Jian
 13818 | Lair:1   | Noticed an oklob plant
 13818 | Lair:1   | Noticed an oklob plant
 14485 | Lair:2   | Noticed Maggie
 14491 | Lair:2   | Noticed a four-headed hydra
 14495 | Lair:2   | Reached XP level 12. HP: 78/109 MP: 7/12
 14507 | Lair:2   | Killed a four-headed hydra
 14507 | Lair:2   | Killed Maggie
 14686 | Lair:2   | Found a staircase to the Snake Pit.
 15367 | Lair:2   | Noticed a death yak
 15409 | Lair:2   | Killed a death yak
 16066 | Lair:3   | Reached skill level 10 in Fighting
 16128 | Lair:3   | Found a staircase to the Swamp.
 17880 | Lair:4   | Noticed a catoblepas
 17881 | Lair:4   | Noticed a death yak
 17882 | Lair:4   | Noticed a death yak
 17882 | Lair:4   | Noticed a death yak
 17883 | Lair:4   | Noticed a death yak
 17883 | Lair:4   | Noticed a death yak
 17883 | Lair:4   | Noticed a death yak
 17895 | Lair:4   | Killed a catoblepas
 17897 | Lair:4   | Killed a death yak
 17897 | Lair:4   | Reached skill level 10 in Armour
 17908 | Lair:4   | Killed a death yak
 18258 | Lair:3   | Killed a death yak
 18386 | Lair:3   | Killed a death yak
 18394 | Lair:3   | Killed a death yak
 18757 | Lair:3   | Killed a death yak
 18974 | Lair:4   | Reached XP level 13. HP: 86/119 MP: 9/13
 20245 | Lair:5   | Reached skill level 11 in Axes
 20634 | Lair:5   | Noticed Rupert
 20679 | Lair:5   | Killed Rupert
 20679 | Lair:5   | Reached skill level 12 in Axes
 21158 | Lair:5   | Reached skill level 13 in Axes
 21680 | Lair:5   | Found a runed translucent gate.
 21680 | Lair:5   | Found a runed translucent gate.
 21680 | Lair:5   | Found a runed translucent gate.
 21681 | Lair:5   | Noticed Adireryl's ghost (journeyman HOFi)
 22120 | Lair:6   | Entered Level 6 of the Lair of Beasts
 22202 | Lair:6   | HP: 8/180 [black mamba (7)]
 22204 | Lair:6   | HP: 2/120 [poisoned by a cane toad]
 22799 | Lair:6   | Found a staircase to the Slime Pits.
 23290 | Lair:5   | Reached skill level 14 in Axes
 23577 | Lair:6   | Reached XP level 14. HP: 11/129 MP: 3/14
 25100 | Orc:1    | Entered Level 1 of the Orcish Mines
 25122 | Orc:1    | Found a roughly hewn altar of Beogh.
 25856 | Orc:2    | Entered Level 2 of the Orcish Mines
 26686 | Orc:2    | Reached skill level 15 in Axes
 27775 | Orc:2    | Found a staircase to the Elven Halls.
 28010 | Orc:2    | Found Ekhlilidgh's Magic Scroll Boutique.
 28010 | Orc:2    | Found Ugoczoeg's Antique Weapon Emporium.
 28012 | Orc:2    | Found Othaq's Jewellery Shoppe.
 28014 | Orc:2    | Found Tefuat's Weapon Shop.
 28021 | Orc:2    | Bought an uncursed amulet of reflection for 450 gold pieces
 28038 | Orc:2    | Bought a scroll of enchant armour for 120 gold pieces
 28041 | Orc:2    | Bought an uncursed ring of poison resistance for 300 gold
                  | pieces
 29240 | D:13     | Found Eticecew's Antique Armour Shop.
 29469 | D:13     | Found Myamp's Jewellery Shop.
 29559 | D:13     | Found Oliqimn's Weapon Emporium.
 29565 | D:13     | Reached skill level 10 in Shields
 29641 | D:13     | Reached ***** piety under Wu Jian
 29673 | D:13     | Slain by a deep elf archer

Illustrated notes

Levels and vault maps discovered:
D:1:      dpeg_arrival_renting, layout_basic
D:2:      layout_loops_cross, uniq_robin
D:3:      kennysheep_big_flooded_room, layout_basic
D:4:      layout_basic, grunt_gozag_statues
D:5:      layout_gridville, lemuel_blue_sif_altar, serial_shops, shop,
          hellmonk_ghost_happy_afterlife, uniq_blork_the_orc
D:6:      layout_cave_pools, kennysheep_little_box, kiku_gazebo_pond_becter,
          uniq_duvessa
D:7:      layout_cave_pods, okawaru_humans, nicolae_ru_awakened_eye, zin_angel,
          temple_green
D:8:      layout_gridville, old_standard_altar
D:9:      layout_loops_ring, lemuel_crystal_altar,
          grunt_lair_entry_orc_guard_hut, david_orc_5
D:10:     layout_irregular_city, uniq_grum, uniq_urug
D:11:     layout_loops_ring, chequers_arboretum, uniq_sonja
D:12:     layout_long_grid, grunt_ministairs_1
D:13:     layout_long_grid, hangedman_vaults_entry_quadrant_bands, serial_shops,
          shop, shop, shop, shop
Lair:1:   layout_loops_ring, gauntlet_entry_generic, st_stairs_11,
          chequers_serial_rivers_micro_d, nicolae_quartered_pool_super,
          minivault_26, nicolae_lair_grove_arrangements, ldierk_geyser,
          minivault_25, serial_bayou_shore_b, minmay_lair_oklob_chamber,
          serial_bayou_shore_a
Lair:2:   layout_gridlike, guppyfry_snake_entry_island,
          hangedman_lair_generics_rect, uniq_maggie
Lair:3:   layout_regular_city, nicolae_swamp_entry_splash_gauntlet,
          grunt_megastairs_2
Lair:4:   layout_regular_city, lightli_volcano_entry_magma_tube,
          serial_bayou_lagoon_b
Lair:5:   layout_loops_ring, portal_ice_cave_demonic_guard,
          ebering_ghost_rock_garden, grunt_megastairs_4, uniq_rupert
Lair:6:   due_jungle_book, layout_loops_ring, minmay_slime_entry_pillars
Orc:1:    layout_caves, david_defended_altar_orc
Orc:2:    st_orc_rangers, layout_caves

Skill      XL: |  1  2  3  4  5  6  7  8  9 10 11 12 13 14 |
---------------+-------------------------------------------+-----
Axes           | 3 4 5 6 7 9 10 14 15 | 15.3
Shields        | 5 9 10 | 10.6
Evocations     | 4 6 |  6.0
Armour         | 5 7 10 11 | 11.0
Fighting       | 6 8 10 | 10.0

Action                   |  1- 3 |  4- 6 |  7- 9 | 10-12 | 13-15 || total
-------------------------+-------+-------+-------+-------+-------++-------
Melee: War axe           |    95 |       |   346 |    97 |       ||   538
       Tailslap          |     9 |     7 |    41 |    90 |   103 ||   250
       Hand axe          |     5 |    97 |    14 |       |       ||   116
       Broad axe         |       |       |       |   498 |   652 ||  1150
Throw: Stone             |    26 |       |       |       |       ||    26
       Boomerang         |     3 |    47 |    27 |    14 |    10 ||   101
       Dart              |       |       |       |     2 |       ||     2
Invok: Lunge             |       |       |     7 |    22 |    48 ||    77
       Whirlwind         |       |       |     5 |    43 |    19 ||    67
       Serpent's Lash    |       |       |       |     9 |    11 ||    20
 Abil: Rolling Charge    |    16 |     4 |    23 |    13 |     2 ||    58
       Wall Jump         |       |       |       |     5 |     7 ||    12
Evoke: Wand              |       |       |     5 |    13 |    14 ||    32
       Condenser vane    |       |       |       |     4 |     4 ||     8
       Phial of floods   |       |       |       |     1 |     2 ||     3
  Use: Scroll            |       |     8 |     3 |    12 |     5 ||    28
       Potion            |       |       |       |     1 |     7 ||     8
 Stab: Paralysed         |       |       |     4 |       |       ||     4
       Confused          |       |       |       |     7 |       ||     7
       Petrified         |       |       |       |     3 |       ||     3
       Distracted        |       |       |       |       |     1 ||     1
Armor: Scale mail        |    60 |    30 |       |       |       ||    90
       Ring mail         |       |     9 |   154 |   150 |       ||   313
       Plate armour      |       |       |       |    25 |   320 ||   345
Dodge: Dodged            |    14 |    25 |   119 |   153 |   114 ||   425
Block: Kite shield       |    44 |    18 |       |   286 |   371 ||   719
       Buckler           |       |    11 |    73 |       |       ||    84
       Reflection        |       |       |       |       |    23 ||    23

Table legend: (Time is in decaauts)
 A = Elapsed time spent in this place.
 B = Non-inter-level travel time spent in this place.
 C = Inter-level travel time spent in this place.
 D = Time resting spent in this place.
 E = Time spent auto-exploring this place.
 F = Levels seen in this place.
 G = Mean time per level.
                   A        B        C        D        E       F      G
               +--------+--------+--------+--------+--------+-----+--------+
         Total |  29860 |  29031 |    829 |   6963 |  17968 |  21 | 1421.9 |
       Dungeon |  14291 |  13796 |    495 |   2341 |   9167 |  13 | 1099.3 |
          Lair |  12344 |  12047 |    297 |   3568 |   7094 |   6 | 2057.3 |
  Orcish Mines |   3224 |   3188 |     36 |   1053 |   1706 |   2 | 1612.0 |
               +--------+--------+--------+--------+--------+-----+--------+

Top non-repeatable levels by time:
  Lair:5: 4322 daAuts
  Lair:3: 2575 daAuts
   Orc:1: 1813 daAuts
    D:11: 1655 daAuts
  Lair:4: 1641 daAuts
  Lair:2: 1589 daAuts
    D:10: 1570 daAuts
    D:12: 1516 daAuts
  Lair:1: 1454 daAuts
   Orc:2: 1411 daAuts
     D:9: 1391 daAuts
     D:2: 1320 daAuts
     D:8: 1234 daAuts
     D:5: 1208 daAuts
     D:7: 1034 daAuts
